← All builds
Tech / Armada / Economy first / OBSERVED BUILD

Standard tech

Rushes T2 factory and Advanced Metal Extractors while supplying T2 constructors to teammates, then transitions into anti-nuke and support units later.

Usually first T2 con to Geo (85%)

#t2 #eco #team support · 762 distinct matches · 108 players · 59% of Armada Tech games · team won 53% of 882 · Recently observed

HOW TO PLAY IT

Key timing: T2 lab by 4:15

  1. Take 3 mex, then wind and a Bot Lab to open eco fast.
  2. Push T2 lab out, aim to pass T2 to air player.
  3. Get first T2 constructor building, prioritize mex upgrades over eco.
  4. Finish Advanced Metal Extractor, keep upgrading team's mex.
  5. Add fus and anti-nuke, keep feeding T2 cons and Umbrella/Citadel to team.

Phase by phase

TYPICAL OF ITS 762 GAMES
  1. 1
  2. 2
  3. 3
  4. 4
PLAY THE OPENING

Follow the example game's first 6:00 step by step: what to build now, what comes next, and where it goes. At 1× it keeps pace with your own game.

  1. 1

    Up to the Bot Lab

    Economy
    • Metal Extractor3Mex
    • Wind Turbine4Wind
    Order
    1. Bot LabBot Lab after 3 mex, 4 winddone ~1:17, middle half 1:13–1:32

    By 1:01 in all: 3 mex · 4 wind

    The example game in this phase · 3 steps
    1. Mex ×3
    2. Wind ×4
    3. Bot LabBot Labdone 1:15 · typical 1:17
  2. 2

    Bot Lab to Advanced Bot Lab

    Economy
    • Metal Extractor1Mex
    • Wind Turbine8Wind
    • Energy Storage1Energy storage
    Order
    1. Advanced Bot LabAdvanced Bot Lab after 4 mex, 12 wind, 3 con turretdone ~4:15, middle half 4:04–4:27
    Builders
    • Construction Turret3 Con turret
    • Lazarus3 Lazarus
    • Construction Bot2 Con bot
    • Construction Bot1 Con bot for allies

    Some games also: converter (36%)

    By 3:19 in all: 4 mex · 12 wind · 1 energy storage · 3 con turret

    The example game in this phase · 11 steps
    1. LazarusLazarus
    2. Wind ×2
    3. Construction BotCon bot
    4. Wind
    5. LazarusLazarus ×2
    6. Wind
    7. Construction BotCon botfor Air
    8. Mex
    9. LazarusLazarus
    10. Con turret ×3
    11. Advanced Bot LabAdvanced Bot Labdone 4:36 · typical 4:15
  3. 3

    Advanced Bot Lab to 5:00

    Economy
    • Wind Turbine2Wind
    Builders
    • Advanced Construction Bot1 T2 con bot for allies

    Some games also: converter (36%)

    By 5:00 in all: 4 mex · 15 wind · 2 converter · 1 energy storage · 3 con turret

    The example game in this phase · 6 steps
    1. Energy storage ×2
    2. Wind ×4
    3. Converter ×6
    4. Advanced Construction BotT2 con bot ×2for Geo
    5. Advanced Metal ExtractorT2 mexdone 5:20 · typical 5:29
    6. FatboyFatboyfor Ponddone 5:51
  4. 4

    5:00 to 10:00

    Economy
    • Wind Turbine44Wind
    • Energy Converter6Converter
    Builders
    • Butler8 Butler
    • Advanced Construction Bot4 T2 con bot for allies
    • Advanced Construction Bot1 T2 con bot

    Some games also: con turret (47%) · Butler for allies (38%)

    By 10:00 in all: 4 mex · 59 wind · 8 converter · 1 energy storage · 3 con turret

    The example game in this phase · 133 steps
    1. Advanced Construction BotT2 con botfor Geo sea
    2. Advanced Metal ExtractorT2 mex ×3
    3. Advanced Construction BotT2 con bot ×2for Beach sea
    4. ButlerButler ×5
    5. Wind ×3
    6. Metal storage
    7. Wind
    8. ButlerButler
    9. Wind ×4
    10. ButlerButler
    11. Wind ×4
    12. ButlerButler
    13. Wind ×2
    14. ButlerButler
    15. Wind ×4
    16. ButlerButler
    17. Wind ×4
    18. ButlerButler
    19. Converter
    20. Wind ×5
    21. ButlerButler
    22. Wind ×9
    23. Advanced Construction BotT2 con bot
    24. Wind ×2
    25. Converter
    26. Wind ×3
    27. Con turret
    28. Wind ×5
    29. Converter
    30. Wind ×6
    31. Converter
    32. Wind
    33. Con turret
    34. Wind ×5
    35. Converter
    36. Wind ×3
    37. Con turret
    38. Wind
    39. CitadelAnti-nukedone 12:43
    40. Wind
    41. Converter
    42. Wind ×5
    43. Converter
    44. Wind ×2
    45. Aircraft PlantAircraft Plantdone 11:29
    46. Wind ×4
    47. Converter
    48. Wind ×3
    49. Construction AircraftCon aircraft
    50. Con turret
    51. Wind ×3
    52. Converter
    53. Wind ×5
    54. Converter
    55. Wind ×3
    56. Advanced Aircraft PlantAdvanced Aircraft Plantdone 12:56
    57. Wind ×3
    58. Converter
    59. Wind ×6
    60. Converter
    61. Wind
    62. Con turret
    63. Wind ×2
    64. Con turret
    65. Wind
    66. Converter
    67. Wind ×7
    68. Converter
    69. Wind ×5
    70. Converter
    71. Wind ×4
    72. Converter
    73. Wind ×4
    74. Converter
    75. JunoJuno
    76. Wind ×4
    77. Converter
    78. Wind ×5
    79. TracerTracer
    80. Converter
    81. Wind ×6
    82. Converter
    83. Wind ×2
    84. Converter
    85. Wind ×3
    86. Fusion ReactorFusiondone 14:13
    87. Wind ×3
    88. Converter
    89. HighwindHighwind
    90. Wind ×4
    91. Converter
    92. Wind ×3
    93. Converter
    94. Wind ×3
    95. Converter
    96. Wind ×2
    97. Converter
    98. Wind ×5
    99. Converter
    100. Wind ×3
    101. Converter
    102. Wind ×2
    103. Converter
    104. Wind ×4
    105. Converter
    106. Wind ×3
    107. Converter
    108. Wind ×2
    109. HighwindHighwind
    110. Wind ×4
    111. Converter
    112. HighwindHighwind
    113. Wind ×4
    114. Converter
    115. Wind
    116. JunoJuno
    117. Wind
    118. HighwindHighwind
    119. Wind ×3
    120. HighwindHighwind
    121. Wind
    122. Converter
    123. Wind ×2
    124. Fusion ReactorFusion
    125. Wind ×3
    126. HighwindHighwind
    127. Wind ×2
    128. Converter
    129. Wind ×3
    130. Converter
    131. Wind ×3
    132. Converter
    133. Wind

Counts are medians over the build's games: half of them build more, half fewer. The example game is yubiyubi's (45 OS, 29/09/2026); pick another.

Team trades

IN AT LEAST 30% OF ITS GAMES

You hand over

  • Construction Bot1 Con bot to Airfirst at 2:22 · in 88% of games
  • Advanced Construction Bot5 T2 con bot to Air or Pond or Geo seafirst at 4:46 · in 99% of games
  • Sharpshooter2 Sniper bot to Pondfirst at 5:21 · in 33% of games
  • Butler2 Butler to Geo sea or Beach sea or Pondfirst at 9:04 · in 42% of games

You get

  • Hercules1 Light transport from Airfirst at 4:00 · in 86% of games

How it plays out

Typical game of this build, running totals by minute

Metal produced

020k40k
0:005:0010:0015:00

metal

Enemy metal destroyed

0200400
0:005:0010:0015:00

metal

Own metal lost

0100200300
0:005:0010:0015:00

metal

882 games.

Show as table
ByMetal produced: This buildEnemy metal destroyed: This buildOwn metal lost: This build
1:0038300
2:0091500
3:00164400
4:00315200
5:00486600
6:00581100
7:00723300
8:00907900
9:001125300
10:001358400
11:001641600
12:001998800
13:002377500
14:002754990108
15:0031616324206
WHAT THE NUMBERS SAY

This is the role's baseline and wins slightly more than half its games with a huge metal lead but almost no kills, showing its value is economic not combat.

  • + Produces 31389 metal by 15:00, far above other roles.
  • + Reaches T2 lab and constructor by 4:15-4:33 almost every game.
  • − Barely destroys any enemy metal (400 by 15:00), no combat presence.
  • − Fusion Reactor and anti-nuke only land in 44% of games.
THE EXAMPLE YOU ARE READING

yubiyubi

44.5 OS · 29/09/2026

Open source match ↗

2 received units
2909 metal received · 90512 energy received

Allied construction assistance is unknown. Timings are observations, not a promise of solo reproducibility.

Typical milestones

Bot Lab1:17Middle 50%: 1:13–1:32 · n=882
Advanced Bot Lab4:15Middle 50%: 4:04–4:27 · n=876
Advanced Metal Extractor5:29Middle 50%: 5:06–5:58 · n=880

Played most by

Amrissa100games of this buildSyphos39games of this buildKOT_38games of this buildAdeus34games of this buildTeaner33games of this build